 Dungeon Crawl Stone Soup version 0.27.1-2-g3b301248ec (webtiles) character file.

Game seed: 16169788044794445488

14 worthlessgem the Magician (level 2, 0/23 HPs)
             Began as a Djinni Warper on Sept 23, 2021.
             Slain by a bat (1 damage)
             ... on level 1 of the Dungeon.
             The game lasted 00:04:43 (1115 turns).

worthlessgem the Magician (Djinni Warper)           Turns: 1115, Time: 00:04:44

Health: 0/23       AC:  3    Str: 10    XL:     2   Next: 60%
Gold:   14         EV: 11    Int: 14    God:
                   SH:  0    Dex: 12

rFire    + + .     SeeInvis .   a - +0 falchion
rCold    x . .     Faith    .   (no shield)
rNeg     . . .     Spirit   .   b - +0 leather armour
rPois    ∞         Reflect  .   (no helmet)
rElec    .         Harm     .   (no cloak)
rCorr    .         Rampage  .   (no gloves)
Will     .....                  (boots unavailable)
Stlth    +.........             (no amulet)
HPRegen  0.07/turn              (no ring)
MPRegen  0.00/turn              (no ring)

@: flying
A: sickness immunity, fire resistance 2, cold vulnerability 1, float, innate
caster, hp casting, extra vitality 1
a: no special abilities


You were on level 1 of the Dungeon.
You visited 1 branch of the dungeon, and saw 1 of its levels.

You collected 14 gold pieces.

Inventory:

Hand Weapons
 a - a +0 falchion (weapon)
Missiles
 d - 5 boomerangs of dispersal
 f - 5 stones (quivered)
 h - 13 sling bullets
Armour
 b - a +0 leather armour (worn)
Scrolls
 c - a scroll of blinking
 e - a scroll of amnesia {unknown}
 g - a scroll of enchant armour {unknown}
 i - 2 scrolls of identify {unknown}
Potions
 j - a potion of magic {unknown}


   Skills:
 - Level 2.0 Fighting
 - Level 1.7 Long Blades
 - Level 0.7 Throwing
 - Level 1.0 Armour
 - Level 2.1 Dodging
 + Level 0.6 Stealth
 + Level 2.9 Spellcasting


You couldn't memorise any spells.
You knew the following spells:

 Your Spells              Type           Power      Damage    Failure   Level
a - Blink                 Tloc           N/A        N/A       14%         2
b - Lesser Beckoning      Tloc           5%         N/A       26%         3
c - Gell's Gravitas       Tloc           5%         N/A       26%         3
d - Teleport Other        Tloc           10%        N/A       26%         3
e - Manifold Assault      Tloc           10%        N/A       94%         5
Your spell library was empty.

Dungeon Overview and Level Annotations

Branches:
Dungeon (1/15)

Altars:


Innate Abilities, Weirdness & Mutations

You are immune to sickness and miasma.
You are immune to poison.
Your flesh is very heat resistant. (rF++)
You are vulnerable to cold. (rC-)
You float through the air rather than walking.
You learn spells naturally, not from books.
Your magical power is your life essence.
You have superior vitality. (+4 HP)


Message History

You are frozen.
You feel a terrible chill!
A ball python comes into view.
The ball python hisses angrily.
You closely miss the ball python. The ball python bites you.
The ball python closely misses you. The endoplasm freezes you.
You are frozen.
You feel a terrible chill!
* * * LOW HITPOINT WARNING * * *
The ball python barely misses you. x2
Casting: Blink (safe; 14% risk of failure)
Confirm with . or Enter, or press ? or * to list all spells.
You miscast Blink.
You are very lightly contaminated with residual magic.
Nothing appears to happen.
* * * LOW HITPOINT WARNING * * *
The endoplasm barely misses you. The ball python closely misses you.
The ball python grabs you. The ball python constricts you.
Casting: Blink (safe; 14% risk of failure)
Confirm with . or Enter, or press ? or * to list all spells.
You escape the ball python's grasp.
You blink.
* * * LOW HITPOINT WARNING * * *
Unknown command.
A rat comes into view.
Your magical contamination has completely faded away.
The rat barely misses you.
You riposte.
You hit the rat.
The rat is heavily wounded.
An endoplasm comes into view.
A bat comes into view.
The endoplasm quivers.
The bat hits you but does no damage.
Casting: Blink (safe; 14% risk of failure)
Confirm with . or Enter, or press ? or * to list all spells.
You blink.
* * * LOW HITPOINT WARNING * * *
Unknown command.
Found a stone staircase leading down.
The bat hits you but does no damage. The bat barely misses you.
The bat hits you but does no damage. The bat hits you.
You die...

####### ####......
#.#########.S...#####
#>..@b..J.r.####
#############


You could see an endoplasm, a bat and a rat.

Vanquished Creatures
  A dart slug (D:1)
  3 endoplasms (D:1)
  A hobgoblin (D:1)
  2 jackals (D:1)
  2 kobolds (D:1)
  2 rats (D:1)
11 creatures vanquished.

Notes
Turn   | Place    | Note
-------+----------+-------------------------------------------
     0 | D:1      | worthlessgem the Djinni Warper began the quest for the Orb.
     0 | D:1      | Reached XP level 1. HP: 18/18 MP: 0/0
   402 | D:1      | Found a faded altar of an unknown god.
   444 | D:1      | Reached XP level 2. HP: 21/23 MP: 0/0
  1115 | D:1      | Slain by a bat

Illustrated notes

Levels and vault maps discovered:
D:1:      amcnicky_arrival_single_pillar, layout_loops_ring,
          dreamdust_ecumenical_altar_angels_and_demons, minmay_box_of_dots

Action                   || total
-------------------------++-------
Melee: Falchion          ||    41
Throw: Stone             ||     1
 Cast: Blink             ||     4
Armor: Leather armour    ||    13
Dodge: Dodged            ||    30
       Rpst.: Falchion   ||     5
